 Dungeon Crawl Stone Soup version 0.28-a0-1212-gc6b4282bc0 (webtiles) character file.

Game seed: 14675962936227518439

112 BinkBink the Chopper (level 4, -11/48 HPs)
             Began as an Ogre Monk on Dec 21, 2021.
             Was an Elder of Lugonu.
             Killed by an exploding orc (21 damage)
             ... ignited by their inner flame
             ... on level 3 of the Dungeon.
             The game lasted 00:04:45 (2961 turns).

BinkBink the Chopper (Ogre Monk)                    Turns: 2961, Time: 00:04:45

Health: -11/48     AC:  4    Str: 15    XL:     4   Next: 93%
Magic:  4/4        EV: 14    Int: 11    God:    Lugonu [****..]
Gold:   91         SH:  0    Dex: 13    Spells: 3/3 levels left

rFire   + . .      SeeInvis .   a - +0 hand axe
rCold   . . .      Faith    .   (no shield)
rNeg    . . .      Spirit   .   b - +1 robe
rPois   .          Reflect  .   (helmet restricted)
rElec   .          Harm     .   (no cloak)
rCorr   .          Rampage  .   (gloves unavailable)
Will    .....                   (boots unavailable)
Stlth   ++........              (no amulet)
HPRegen 0.16/turn               f - +4 ring of evasion
MPRegen 0.09/turn               e - ring of protection from fire

@: about to teleport
A: large, unfitting armour, tough skin 1
a: Renounce Religion, Depart the Abyss, Bend Space, Banish, Corrupt


You were on level 3 of the Dungeon.
You worshipped Lugonu.
Lugonu was greatly pleased with you.
You visited 1 branch of the dungeon, and saw 3 of its levels.

You collected 91 gold pieces.

Inventory:

Hand Weapons
 a - a +0 hand axe (weapon)
Armour
 b - a +1 robe (worn)
 k - a +0 plate armour
Jewellery
 e - a ring of protection from fire (right hand)
 f - a +4 ring of evasion (left hand)
 j - a ring of protection from fire
Potions
 d - a potion of curing {unknown}
 g - a potion of heal wounds {unknown}


   Skills:
 - Level 4.0 Fighting
 + Level 5.4 Axes
 - Level 2.6 Dodging
 - Level 1.4 Stealth


You had 3 spell levels left.
You didn't know any spells.
Your spell library contained the following spells:

 Spells                   Type           Power      Damage    Failure   Level
 Iskenderun's Battlesphe  Conj           0%         2d6       100%        5
 Iron Shot                Conj/Erth      0%         9d1       100%        6
 Spellforged Servitor     Conj/Summ      0%         N/A       100%        7


Dungeon Overview and Level Annotations

Branches:
Dungeon (3/15)

Altars:
Lugonu

Shops:
D:1 (


Innate Abilities, Weirdness & Mutations

You are too large for most types of armour.
You have tough skin. (AC +1)


Message History

A ball python comes into view.
An orc comes into view. It is wielding a +0 short sword.
The orc shouts!
A rat comes into view.
As you read the scroll labelled HEORI KA XONNEMU, it crumbles to dust.
The creatures around you are filled with an inner flame!
It was a scroll of immolation.
The orc hits you with a +0 mace. The orc hits you with a +0 short sword.
This is a scroll of acquirement!
Something appears at your feet!
The ball python hisses angrily.
The orc hits you with a +0 mace. The orc barely misses you.
As you read the scroll labelled JITOTE HEUZ, it crumbles to dust.
You hear a loud clanging noise!
It was a scroll of noise.
You hear a shout! x5
The orc hits you with a +0 mace.
* * * LOW HITPOINT WARNING * * *
The orc misses you.
As you read the scroll labelled KAONAI MUM IGO, it crumbles to dust.
It is a scroll of enchant armour.
Your +0 robe glows green for a moment.
The orc barely misses you. The orc completely misses you.
As you read the scroll labelled ZAFAALIGEL, it crumbles to dust.
You feel strangely unstable.
It was a scroll of teleportation.
The orc barely misses you.
An orc priest comes into view. It is wielding a +0 hand axe.
The orc closely misses you. The orc hits you with a +0 short sword.
* * * LOW HITPOINT WARNING * * *
You hit the plant but do no damage. You hit the orc but do no damage.
You hit the orc.
Flame seeps out of the orc.
An orc comes into view. It is wielding a +0 club.
The orc hits you but does no damage.
The orc is engulfed in blazing flames.
Lugonu accepts your kill.
The orc explodes!
The fiery explosion engulfs the ball python!!
Lugonu accepts your kill. The fiery explosion engulfs you!! You resist.
You die...

≈≈≈≈≈≈P..#
..≈≈≈.≈≈P.#
≈≈≈≈≈≈≈≈≈P#
≈≈≈≈≈≈.≈≈.
≈≈≈.≈≈.≈≈♣
≈≈.≈r.≈≈. ♣..P§#P#
#.○@# ###o# ....
#o# ..... #.#
...... #o# ......
###.## .. ......
#.o..##.#
......#####.#..##.#
.......).......##.#


You could see 2 orc priests, 2 orcs and a rat (inner flame).

Vanquished Creatures
  3 gnolls
  2 adders
  A worm (D:2)
  A dart slug (D:2)
  An orc (D:3)
  8 ball pythons
  4 endoplasms
  6 giant cockroaches
  11 goblins
  3 hobgoblins
  5 quokkas
  3 bats
  A frilled lizard (D:1)
  3 kobolds
  2 rats
54 creatures vanquished.

Vanquished Creatures (others)
  29 plants (D:3)
29 creatures vanquished.

Grand Total: 83 creatures vanquished

Notes
Turn   | Place    | Note
-------+----------+-------------------------------------------
     0 | D:1      | BinkBink the Ogre Monk began the quest for the Orb.
     0 | D:1      | Reached XP level 1. HP: 24/24 MP: 1/1
    10 | D:1      | Noticed a lindwurm
    10 | D:1      | Noticed a redback
    10 | D:1      | Noticed a black bear
    10 | D:1      | Noticed a hog
    10 | D:1      | Noticed a wyvern
   225 | D:1      | Reached XP level 2. HP: 17/32 MP: 2/2
   497 | D:1      | Found a faded altar of an unknown god.
   516 | D:1      | Prayed at the altar of an unknown god.
   516 | D:1      | Became a worshipper of Lugonu the Unformed
   516 | D:1      | Reached * piety under Lugonu
   516 | D:1      | Reached ** piety under Lugonu
   516 | D:1      | Reached *** piety under Lugonu
   554 | D:1      | Found Rewkizer's Weapon Emporium.
   706 | D:1      | Reached skill level 4 in Axes
   777 | D:1      | Reached XP level 3. HP: 38/39 MP: 3/3
  1078 | D:2      | Reached **** piety under Lugonu
  1712 | D:1      | Reached XP level 4. HP: 23/48 MP: 4/4
  1927 | D:2      | Reached skill level 5 in Axes
  2956 | D:3      | Identified a scroll of acquirement
  2956 | D:3      | Acquired the ring "Zerr" {rElec rN+ Int+2}
  2961 | D:3      | Killed by an exploding orc... ignited by their inner flame

Illustrated notes

Levels and vault maps discovered:
D:1:      onia_arrival_zoo_common, layout_basic,
          shapermc_ecumenical_altar_notcrosses, serial_shops,
          nicolae_shop_hallway_plus, serial_glass, glass_columns_a,
          glass_columns_b
D:2:      layout_loops_corners
D:3:      layout_basic, serial_bayou, serial_bayou_pond_b,
          serial_bayou_lagoon_a, serial_bayou_pond_d, serial_bayou_pond_c

Skill      XL: |  1  2  3  4 |
---------------+-------------+-----
Axes           | 4 5 |  5.4
Fighting       | |  4.0
Dodging        | |  2.6
Stealth        | |  1.4

Action                   |  1- 3 |  4- 6 || total
-------------------------+-------+-------++-------
Melee: Hand axe          |   136 |    78 ||   214
  Use: Scroll            |       |     5 ||     5
 Stab: Sleeping          |     2 |     1 ||     3
Armor: Robe              |    26 |    15 ||    41
Dodge: Dodged            |    73 |    59 ||   132

Table legend: (Time is in decaauts)
 A = Elapsed time spent in this place.
 B = Non-inter-level travel time spent in this place.
 C = Inter-level travel time spent in this place.
 D = Time resting spent in this place.
 E = Time spent auto-exploring this place.
 F = Levels seen in this place.
 G = Mean time per level.
                   A        B        C        D        E       F      G
               +--------+--------+--------+--------+--------+-----+--------+
         Total |   2980 |   2898 |     82 |      0 |   2439 |   3 |  993.3 |
       Dungeon |   2980 |   2898 |     82 |      0 |   2439 |   3 |  993.3 |
               +--------+--------+--------+--------+--------+-----+--------+

Top non-repeatable levels by time:
     D:2: 1496 daAuts
     D:1: 1163 daAuts
     D:3: 321 daAuts
